 Dungeon Crawl Stone Soup version 0.31.0-11-ge490571c62 (webtiles) character file.

Game seed: 6704055829988567284

28 Gadfly the Trooper (level 3, 22/29 HPs)
             Began as a Demonspawn Monk on Jan 29, 2024.
             Quit the game on level 2 of the Dungeon.
             The game lasted 00:00:51 (1098 turns).

Gadfly the Trooper (Demonspawn Monk)                Turns: 1098, Time: 00:00:52

Health: 22/29      AC:  3    Str: 13    XL:     3   Next: 0%
Magic:  3/3        EV: 13    Int: 10    God:
Gold:   109        SH:  0    Dex: 15    Spells: 2/2 levels left

rFire   . .          .
                       - Unarmed
rCold   . . .        c - orb {light}
rNeg    . . .        a - +1 robe
rPois   .            (helmet restricted)
rElec   .            (no cloak)
rCorr   .            (no gloves)
SInv    .            (no boots)
Will    .....        (no amulet)
Stlth   +            (no ring)
HPRegen 0.24/turn    (no ring)
MPRegen 0.16/turn

%: no passive effects
@: mildly poisoned (22 -> 21), glowing
A: horns 1, magic regeneration
a: no special abilities


You were on level 2 of the Dungeon.
You visited 1 branch of the dungeon, and saw 2 of its levels.

You collected 109 gold pieces.

Inventory:

Armour
 a - a +1 robe (worn)
 c - an orb of light (worn)
Potions
 b - a potion of ambrosia
 e - a potion of enlightenment {unknown}
 g - a potion of curing {unknown}


   Skills:
 + Level 3.1 Fighting
 + Level 2.8 Dodging
 * Level 3.0 Unarmed Combat
 * Level 1.1 Evocations
 * Level 1.0 Shapeshifting


You had 2 spell levels left.
You didn't know any spells.
Your spell library was empty.

Dungeon Overview and Level Annotations

Branches:
Dungeon (2/15)

Altars:


Innate Abilities, Weirdness & Mutations

You have a pair of small horns on your head.
You regenerate magic rapidly.


Message History

You now have 109 gold pieces (gained 17).
Found a stone staircase leading down.
No target in view!
An adder comes into view.
The adder hisses angrily.
You hit the adder.
The adder is moderately wounded.
The adder barely misses you.
You hit the adder. Your headbutt misses the adder.
The adder is heavily wounded.
The adder barely misses you.
You barely miss the adder.
The adder is heavily wounded.
The adder completely misses you. The adder bites you.
You are poisoned.
The adder poisons you!
You hit the adder.
The adder is heavily wounded.
You feel sick. The adder completely misses you.
You closely miss the adder. You headbutt the adder.
The adder is almost dead.
You feel sick. The adder misses you.
You hit the adder but do no damage.
The adder is almost dead.
You feel sick. The adder misses you.
You hit the adder but do no damage.
The adder is almost dead.
You feel sick. The adder barely misses you. The adder completely misses you.
You hit the adder.
You kill the adder!
You feel sick.
Your Unarmed Combat skill increases to level 3!
Your Evocations skill increases to level 1!
Your Shapeshifting skill increases to level 1!
You have reached level 3!
Your experience leads to an increase in your attributes!
Increase (S)trength, (I)ntelligence, or (D)exterity?
You feel stronger. x2; Your demonic ancestry asserts itself...
Your magic begins to regenerate rapidly.
Are you sure you want to abandon this character and quit the game? (Confirm with "yes".)

#...##
#.....
#....#
....#
#$..# ...#
#..####>.#
#.....@..#
#..#####.#
#....#
#.#### #.#
#.# #.#
##.####
#.....#


There were no monsters in sight!

Vanquished Creatures
  An adder (D:2)
  3 endoplasms (D:1)
  A goblin (D:1)
  A hobgoblin (D:1)
  2 quokkas (D:1)
  4 ball pythons (D:1)
  2 bats (D:1)
  A frilled lizard (D:1)
  3 kobolds (D:1)
  A rat (D:1)
19 creatures vanquished.

Notes
Turn   | Place    | Note
-------+----------+-------------------------------------------
     0 | D:1      | Gadfly the Demonspawn Monk began the quest for the Orb.
     0 | D:1      | Reached XP level 1. HP: 18/18 MP: 1/1
   319 | D:1      | Discovered your monstrous ancestry.
   319 | D:1      | Gained mutation: You have a pair of small horns on your
                  | head. [demonic ancestry]
   319 | D:1      | Reached XP level 2. HP: 24/24 MP: 2/2
  1098 | D:2      | Reached skill level 1 in Evocations
  1098 | D:2      | Reached skill level 1 in Shapeshifting
  1098 | D:2      | Gained mutation: You regenerate magic rapidly. [demonic
                  | ancestry]
  1098 | D:2      | Reached XP level 3. HP: 22/29 MP: 3/3
  1098 | D:2      | Quit the game

Illustrated notes

Levels and vault maps discovered:
D:1:      evilmike_arrival_hilbert_curve, layout_basic, minmay_split_cup_small
D:2:      layout_basic, uniq_jessica, uniq_crazy_yiuf_cottage

Skill      XL: |  1  2 |
---------------+-------+-----
Unarmed Combat | 3 |  3.0
Evocations     | 1 |  1.1
Shapeshifting  | 1 |  1.0
Fighting       | |  3.1
Dodging        | |  2.8

Action                     || total
---------------------------++-------
  Melee: Unarmed           ||    44
         Headbutt          ||     5
    Use: Scroll            ||     4
 Armour: Robe              ||    15
  Dodge: Dodged            ||    28
